 Dungeon Crawl Stone Soup version 0.28-a0-1447-ga5a8893891 (webtiles) character file.

Game seed: 11936763213680961075

38 bande the Covered (level 3, 0/23 HPs)
             Began as a Gargoyle Fighter on Jan 11, 2022.
             Slain by Natasha (2 damage)
             ... on level 2 of the Dungeon.
             The game lasted 00:03:27 (1711 turns).

bande the Covered (Gargoyle Fighter)                Turns: 1711, Time: 00:03:28

Health: 0/23       AC: 11    Str: 19    XL:     3   Next: 43%
Magic:  3/3        EV:  9    Int:  8    God:
Gold:   67         SH:  4    Dex: 11    Spells: 2/2 levels left

rFire   . . .      SeeInvis .   a - +0 war axe
rCold   . . .      Faith    .   c - +0 buckler
rNeg    + . .      Spirit   .   b - +0 scale mail
rPois   ∞          Reflect  .   (no helmet)
rElec   +          Harm     .   (no cloak)
rCorr   .          Rampage  .   g - +0 pair of gloves
Will    .....                   (no boots)
Stlth   ..........              (no amulet)
HPRegen 0.07/turn               (no ring)
MPRegen 0.08/turn               (no ring)

@: slowed, very slow
A: sickness immunity, AC +3, negative energy resistance 1, electricity
resistance, torment resistance 1, petrification resistance
a: no special abilities


You were on level 2 of the Dungeon.
You visited 1 branch of the dungeon, and saw 2 of its levels.

You collected 67 gold pieces.

Inventory:

Hand Weapons
 a - a +0 war axe (weapon)
Armour
 b - a +0 scale mail (worn)
 c - a +0 buckler (worn)
 g - a +0 pair of gloves (worn)
Potions
 d - a potion of might
 h - a potion of lignification {unknown}
 j - a potion of experience {unknown}


   Skills:
 + Level 3.5 Fighting
 + Level 2.4 Axes
 + Level 3.8 Armour
 + Level 3.6 Shields


You had 2 spell levels left.
You didn't know any spells.
Your spell library was empty.

Dungeon Overview and Level Annotations

Branches:
Dungeon (2/15)

Altars:

Shops:
D:1 :*??*

Annotations:
D:2 Natasha


Innate Abilities, Weirdness & Mutations

You are immune to sickness and miasma.
Your stone body is resilient. (AC +3)
You are immune to poison.
You resist negative energy. (rN+)
You are resistant to electric shocks. (rElec)
You are resistant to unholy torment.
You are immune to petrification.


Message History

You miss Natasha.
Natasha is moderately wounded.
You barely miss the giant cockroach. You hit the shadow imp.
Natasha casts a spell at you.
You feel yourself slow down.
The giant cockroach bites you but does no damage.
The shadow imp barely misses you. Natasha barely misses you.
The giant cockroach bites you but does no damage.
You hit Natasha.
Natasha is heavily wounded.
You hit the shadow imp but do no damage.
You hit the giant cockroach.
You kill the giant cockroach!
The shadow imp barely misses you. Natasha claws you but does no damage.
The shadow imp closely misses you. Natasha completely misses you.
The shadow imp hits you but does no damage.
You closely miss Natasha.
Natasha is heavily wounded.
You hit the shadow imp but do no damage.
Natasha claws you.
* * * LOW HITPOINT WARNING * * *
The shadow imp gestures at you.
You barely resist. You block Natasha's attack.
The shadow imp hits you but does no damage.
You barely miss Natasha.
Natasha is heavily wounded.
You slash the shadow imp!
You kill the shadow imp!
The shadow imp disappears in a puff of smoke!
Natasha claws you.
* * * LOW HITPOINT WARNING * * *
Natasha closely misses you.
You barely miss Natasha.
Natasha is heavily wounded.
Natasha growls.
Natasha claws you but does no damage. x2
You closely miss Natasha.
Natasha is heavily wounded.
Natasha claws you.
You die...

............#
............#
#..........
#........<
#........
#.......#
#.......####
#†....#
#@....#
#h†...#
#.......$
#......##
#........
#.##..... #.#
..... #.#
.####


You could see Natasha.

Vanquished Creatures
  3 dart slugs
  5 bats
  4 endoplasms (D:1)
  3 giant cockroaches (D:2)
  4 goblins
  A hobgoblin (D:2)
  A ball python (D:2)
  2 frilled lizards (D:1)
  6 kobolds
  A rat (D:1)
30 creatures vanquished.

Notes
Turn   | Place    | Note
-------+----------+-------------------------------------------
     0 | D:1      | bande the Gargoyle Fighter began the quest for the Orb.
     0 | D:1      | Reached XP level 1. HP: 14/14 MP: 1/1
    49 | D:1      | Found Xakyl's General Store.
   212 | D:1      | You fall into a shaft and drop 1 floor!
   223 | D:2      | Reached XP level 2. HP: 19/19 MP: 2/2
   655 | D:1      | Found Okkel's Magic Scroll Emporium.
   697 | D:1      | Found a faded altar of an unknown god.
   717 | D:1      | Reached XP level 3. HP: 22/23 MP: 3/3
   864 | D:1      | Found Cistiz's Magic Scroll Emporium.
   916 | D:1      | Found Eqiuth's General Store.
  1011 | D:1      | Found Udilig's Book Shoppe.
  1694 | D:2      | Noticed Natasha
  1709 | D:2      | HP: 1/23 [Natasha (3)]
  1711 | D:2      | Slain by Natasha

Illustrated notes

Levels and vault maps discovered:
D:1:      zelgadis_glass_arrival_small, layout_loops_cross, serial_shops,
          nicolae_shop_advertising_works [nicolae_subvault_shop_adworks],
          nicolae_shop_trees, nicolae_shop_trees, nicolae_square_shop, shop,
          hellmonk_ecumenical_altar_slurped_away
D:2:      layout_basic, uniq_natasha

Skill      XL: |  1  2 |
---------------+-------+-----
Axes           | 2 |  2.4
Fighting       | |  3.5
Armour         | |  3.8
Shields        | |  3.6

Action                   || total
-------------------------++-------
Melee: War axe           ||   103
  Use: Scroll            ||     3
Armor: Scale mail        ||    57
Dodge: Dodged            ||    56
Block: Buckler           ||    19

Table legend: (Time is in decaauts)
 A = Elapsed time spent in this place.
 B = Non-inter-level travel time spent in this place.
 C = Inter-level travel time spent in this place.
 D = Time resting spent in this place.
 E = Time spent auto-exploring this place.
 F = Levels seen in this place.
 G = Mean time per level.
                   A        B        C        D        E       F      G
               +--------+--------+--------+--------+--------+-----+--------+
         Total |   1759 |   1628 |    131 |      0 |   1286 |   2 |  879.5 |
       Dungeon |   1759 |   1628 |    131 |      0 |   1286 |   2 |  879.5 |
               +--------+--------+--------+--------+--------+-----+--------+

Top non-repeatable levels by time:
     D:1: 1529 daAuts
     D:2: 229 daAuts
